 Dungeon Crawl Stone Soup version 0.24.0-125-gc4c63601f3 (webtiles) character file.

Game seed: 2905925932690661725, levelgen mode: deterministic

150 MajorAdolf the Sneak (level 5, -9/50 HPs)
             Began as a Naga Wanderer on Mar 1, 2020.
             Mangled by a gnoll
             ... wielding a +0 flail
              (11 damage)
             ... on level 3 of the Dungeon.
             The game lasted 00:07:08 (3531 turns).

MajorAdolf the Sneak (Naga Wanderer)                Turns: 3531, Time: 00:07:08

Health: -9/50      AC:  2    Str: 12    XL:     5   Next: 32%
Magic:  5/5        EV:  9    Int: 13    God:
Gold:   150        SH:  0    Dex: 13    Spells: 4/4 levels left

rFire    . . .     SeeInvis +   g - +0 battleaxe (elec)
rCold    . . .     Gourm    .   (shield currently unavailable)
rNeg     . . .     Faith    .   h - +0 robe
rPois    +         Spirit   .   (no helmet)
rElec    .         Reflect  .   (no cloak)
rCorr    .         Harm     .   (no gloves)
MR       .....                  (no barding)
Stlth    +++.......             (no amulet)
HPRegen  0.16/turn              (no ring)
MPRegen  0.09/turn              (no ring)

@: lethally poisoned (-9 -> -10), very slow
A: large, see invisible, deformed body, poison resistance, slowness 2, slow
metabolism 1, spit poison 1, AC +1
a: Spit Poison


You were on level 3 of the Dungeon.
You were not hungry.

You visited 1 branch of the dungeon, and saw 3 of its levels.

You collected 150 gold pieces.

Inventory:

Hand Weapons
 g - a +0 battleaxe of electrocution (weapon)
 t - a +1 dagger of freezing
 u - a +0 hand axe
Armour
 b - a +2 leather armour
 h - a +0 robe (worn)
Jewellery
 a - an uncursed amulet of guardian spirit {unknown}
 r - an uncursed ring of see invisible {unknown}
Scrolls
 e - 2 scrolls of identify {unknown}
 i - 2 scrolls of fear {unknown}
 j - a scroll of teleportation {unknown}
 m - 3 scrolls of remove curse {unknown}
 n - a scroll of blinking {unknown}
 o - a scroll of random uselessness {unknown}
 p - a scroll of fog {unknown}
Potions
 f - a potion of resistance
 l - a potion of heal wounds {unknown}
 q - a potion of cancellation
 s - a potion of haste {unknown}
Comestibles
 c - a chunk of flesh
 d - 3 rations


   Skills:
 - Level 4.0 Fighting
 + Level 2.5(3.2) Axes
   Level 3.0(3.4) Polearms
 - Level 1.0 Dodging
 + Level 6.6 Stealth
   Level 1.0 Evocations


You had 4 spell levels left.
You didn't know any spells.
Your spell library was empty.

Dungeon Overview and Level Annotations

Branches:
Dungeon (3/15)

Altars:
Nemelex Xobeh
Sif Muna

Annotations:
D:2 exclusion: downstairs


Innate Abilities, Weirdness & Mutations

You cannot wear boots.
Your serpentine skin is tough. (AC +1)
You have supernaturally acute eyesight. (SInv)
Armour fits poorly on your strangely shaped body.
Your system is resistant to poisons. (rPois)
You cover ground very slowly.
You have a slow metabolism.
You can spit poison.


Message History

The gnoll is heavily wounded.
The gnoll closely misses you.
You hit the gnoll.
The gnoll is severely wounded.
The gnoll hits you with a +0 flail. The gnoll hits you with a +0 flail!
* * * LOW HITPOINT WARNING * * *
You barely miss the gnoll.
The gnoll is severely wounded.
* * * LOW HITPOINT WARNING * * *
You feel sick. The gnoll completely misses you.
It was a potion of resistance.
You feel protected. The gnoll closely misses you.
Unknown command.
It was a potion of cancellation.
Your magical effects are unravelling.
You feel magically purged.
Your resistance to elements expires.
The gnoll hits you with a +0 flail!
You die...

#######........#..........#####.#
#........#.########..# #..
#........#.# ##.####..
#........#.# #.......
##########.# ##...... #.# #......
#.# ##..... #.# #..... #@# #.....
#g# #..... #g# #..... #K#######
#.#..# ########(......# #.....
........(.####.# ###.>.
................. ####
.................
.................


You could see 2 gnolls and a kobold.

Vanquished Creatures
  An orc priest (D:3)
  A gnoll (D:3)
  5 adders
  A worm (D:3)
  A dart slug (D:3)
  2 leopard geckos (D:1)
  8 orcs (D:3)
  A ball python (D:1)
  4 giant cockroaches
  7 goblins
  3 hobgoblins
  2 jackals
  4 kobolds
  2 quokkas
  2 bats
  2 frilled lizards
  3 rats
49 creatures vanquished.

Notes
Turn   | Place    | Note
-------+----------+-------------------------------------------
     0 | D:1      | MajorAdolf the Naga Wanderer began the quest for the Orb.
     0 | D:1      | MajorAdolf set off with the following items: a +0 spear, a
                  | +2 leather armour, a potion of curing, a ration
     0 | D:1      | Reached XP level 1. HP: 22/22 MP: 1/1
    14 | D:1      | Reached skill level 2 in Stealth
   213 | D:1      | Reached skill level 3 in Stealth
   256 | D:1      | Reached XP level 2. HP: 30/30 MP: 2/2
   356 | D:1      | Reached skill level 4 in Stealth
   624 | D:2      | Reached XP level 3. HP: 36/36 MP: 3/3
   718 | D:2      | Reached skill level 5 in Stealth
   785 | D:2      | Found a shimmering blue altar of Sif Muna.
  1059 | D:2      | Found a sparkling altar of Nemelex Xobeh.
  1227 | D:2      | Reached skill level 1 in Axes
  1227 | D:2      | Reached XP level 4. HP: 43/44 MP: 4/4
  2188 | D:3      | Reached skill level 6 in Stealth
  2746 | D:3      | HP: 2/44 [jackal (3)]
  2775 | D:2      | HP: 2/44 [jackal (3)]
  3178 | D:3      | Reached XP level 5. HP: 50/50 MP: 5/5
  3528 | D:3      | HP: 2/50 [gnoll/+0 flail (15)]
  3531 | D:3      | Mangled by a gnoll

Levels and vault maps discovered:
D:1:      onia_arrival_mini_spirals, layout_rooms
D:2:      layout_rooms, led_sif_pool, nicolae_overflow_hidden_temple
D:3:      layout_basic

Skill      XL: |  1  2  3  4 |
---------------+-------------+-----
Stealth        | 3 4 5 6 |  6.6
Axes           | 1 2 |  2.5
Fighting       | |  4.0
Polearms       | |  3.0
Dodging        | |  1.0
Evocations     | |  1.0

Action                   |  1- 3 |  4- 6 || total
-------------------------+-------+-------++-------
Melee: Spear             |    58 |    54 ||   112
       Battleaxe         |       |    14 ||    14
       Dagger            |       |    13 ||    13
 Abil: Spit Poison       |    17 |    18 ||    35
  Use: Potion            |       |     3 ||     3
 Stab: Sleeping          |     4 |     2 ||     6
       Distracted        |       |     1 ||     1
  Eat: Chunk             |     1 |     4 ||     5
       Ration            |       |     1 ||     1
Armor: Leather armour    |     2 |       ||     2
       Robe              |    10 |    27 ||    37
Dodge: Dodged            |    26 |    81 ||   107
